 Dungeon Crawl Stone Soup version 0.24.0-2-g5b39cebb1c (webtiles) character file.

Game seed: 16626166479835183686, levelgen mode: deterministic

99 Inarius the Skirmisher (level 4, -6/35 HPs)
             Began as a Mummy Wanderer on Oct 29, 2019.
             Mangled by a worm (7 damage)
             ... on level 3 of the Dungeon.
             The game lasted 00:03:01 (2008 turns).

Inarius the Skirmisher (Mummy Wanderer)             Turns: 2008, Time: 00:03:01

Health: -6/35      AC:  9    Str: 16    XL:     4   Next: 45%
Magic:  4/4        EV:  6    Int: 10    God:
Gold:   157        SH:  0    Dex:  7    Spells: 3/3 levels left

rFire    x . .     SeeInvis .   j - -2 short sword (curse)
rCold    + . .     Gourm    .   (no shield)
rNeg     + + +     Faith    .   g - +1 chain mail {MR+}
rPois    ∞         Spirit   .   (no helmet)
rElec    .         Reflect  .   (no cloak)
rCorr    .         Harm     .   (no gloves)
MR       +....                  (no boots)
Stlth    ..........             (no amulet)
HPRegen  0.11/turn              i - -5 ring of dexterity (curse)
MPRegen  0.09/turn              (no ring)

@: no status effects
A: no food or potions, fire vulnerability, cold resistance 1, negative energy
resistance 3, torment resistance, unbreathing
a: no special abilities


You were on level 3 of the Dungeon.
You were not hungry.

You visited 1 branch of the dungeon, and saw 3 of its levels.

You collected 157 gold pieces.

Inventory:

Hand Weapons
 a - a +2 hand crossbow
 b - a +0 mace
 e - a +0 war axe
 j - a cursed -2 short sword (weapon)
Missiles
 c - 18 bolts
Armour
 g - a +1 chain mail of magic resistance (worn)
Jewellery
 i - a cursed -5 ring of dexterity (left hand)
Scrolls
 d - a scroll of teleportation
 f - 3 scrolls of blinking
 h - 2 scrolls of immolation
 k - a scroll of enchant armour


   Skills:
 * Level 3.5 Fighting
 - Level 1.0 Maces & Flails
   Level 2.4 Bows
 - Level 1.0 Crossbows
 - Level 1.0 Throwing
 + Level 2.4 Armour
 + Level 0.9 Dodging
 - Level 1.0 Stealth


You had 3 spell levels left.
You didn't know any spells.
Your spell library was empty.

Dungeon Overview and Level Annotations

Branches:
Dungeon (3/15)

Altars:
Kikubaaqudgha
Makhleb
Okawaru


Innate Abilities, Weirdness & Mutations

You do not eat or drink.
Your flesh is vulnerable to fire.
You are immune to poison.
Your flesh is cold resistant. (rC+)
You are immune to negative energy. (rN+++)
You are immune to unholy pain and torment.
You can survive without breathing.


Message History

The hound bites you but does no damage. The worm bites you.
* * * LOW HITPOINT WARNING * * *
You miss the hound.
The hound is moderately wounded.
The hound bites you but does no damage. The hound closely misses you.
You hit the hound.
The hound is severely wounded.
The hound bites you but does no damage. The worm bites you but does no damage.
The hound barely misses you.
You hit the hound but do no damage.
The hound is severely wounded.
The hound bites you but does no damage. The worm bites you.
* * * LOW HITPOINT WARNING * * *
You hit the hound.
The hound is almost dead.
The hound bites you but does no damage. The hound closely misses you.
You closely miss the hound.
The hound is almost dead.
The hound closely misses you. The worm bites you!
You die...

### #.. ...####.##
.........## ## ..........#
_.# .........## ..#
#......# ..# #...#..###.#
#...##..#h.# #...###w@.#
+....###.### #..
#.....####.######## ...
..#..........'......#
#.##...#..........#####.##
#..+...##+######### #.#
##..#...# .# #.#
.......##.# #.# ##.#
......##### #.#


You could see a worm and a hound.

Vanquished Creatures
  A worker ant (D:2)
  An ooze (D:1)
  A worm (D:2)
  2 dart slugs (D:1)
  2 leopard geckos (D:1)
  A ball python (D:2)
  8 bats
  4 giant cockroaches
  7 goblins
  10 hobgoblins
  2 jackals (D:2)
  3 frilled lizards (D:2)
  8 kobolds
  8 rats
58 creatures vanquished.

Notes
Turn   | Place    | Note
-------+----------+-------------------------------------------
     0 | D:1      | Inarius the Mummy Wanderer began the quest for the Orb.
     0 | D:1      | Inarius set off with the following items: a +2 hand
                  | crossbow, 20 bolts, a +0 mace, a scroll of teleportation, a
                  | +0 robe
     0 | D:1      | Reached XP level 1. HP: 16/16 MP: 1/1
   344 | D:1      | Reached XP level 2. HP: 21/23 MP: 2/2
   818 | D:1      | Reached skill level 3 in Fighting
   818 | D:1      | Reached XP level 3. HP: 28/29 MP: 3/3
  1212 | D:2      | Reached skill level 1 in Maces & Flails
  1276 | D:2      | Found an ancient bone altar of Kikubaaqudgha.
  1374 | D:2      | Reached XP level 4. HP: 34/35 MP: 4/4
  1929 | D:3      | Found an iron altar of Okawaru.
  1973 | D:3      | Found a burning altar of Makhleb.
  2006 | D:3      | HP: 1/35 [worm (4)]
  2008 | D:3      | Mangled by a worm

Levels and vault maps discovered:
D:1:      eino_arrival_water_star, layout_rooms, serial_co_window_serial,
          co_window_paths_a, co_window_cross_1, co_window_paths_a,
          co_window_paths_a, co_window_of_opportunity_a, co_window_paths_c,
          co_window_broadway_b, co_window_of_opportunity_b, co_window_paths_c,
          co_window_4corner_a, co_window_sun
D:2:      layout_basic, kiku_gazebo_pond_becter
D:3:      minmay_chambers_of_twos, layout_basic, okawaru_metal_pillars_1_2,
          makhleb_blood_cavern_becter

Skill      XL: |  1  2  3 |
---------------+----------+-----
Armour         | 2 |  2.4
Fighting       | 3 |  3.5
Maces & Flails | 1 |  1.0
Bows           | |  2.4
Crossbows      | |  1.0
Throwing       | |  1.0
Dodging        | |  0.9
Stealth        | |  1.0

Action                   |  1- 3 |  4- 6 || total
-------------------------+-------+-------++-------
Melee: Mace              |   129 |    12 ||   141
       Short sword       |       |   152 ||   152
 Fire: Hand crossbow     |     4 |       ||     4
  Use: Scroll            |     2 |     2 ||     4
Armor: Robe              |     4 |       ||     4
       Chain mail        |    97 |   128 ||   225
Dodge: Dodged            |    74 |    68 ||   142
